 Dungeon Crawl Stone Soup version 0.23-a0-180-ga5275e7 (webtiles) character file.

1545649 iamserjio the Slayer (level 25, 203/216 HPs)
             Began as a Human Wanderer on Sept 17, 2018.
             Was the Champion of Ru.
             Escaped with the Orb
             ... and 3 runes on Sept 18, 2018!
             The game lasted 04:06:57 (83661 turns).

iamserjio the Slayer (Human Wanderer)              Turns: 83661, Time: 04:06:58

Health: 203/216    AC:  8    Str: 14    XL:     25
Magic:  20/29      EV: 29    Int: 22    God:    Ru [******]
Gold:   208        SH: 20    Dex: 27    Spells: 1/44 levels left

rFire    + + .     SeeInvis +     - Unarmed
rCold    + . .     Gourm    .   Q - +5 shield
rNeg     + . .     Faith    .   L - +5 robe of Night {Dark MR+ SInv}
rPois    +         Spirit   .   q - -2 hat of the Alchemist {rElec rPois rF+ rC+ rN+ MR+ rMut rCorr}
rElec    +         Reflect  .   s - scarf {repulsion}
rCorr    +         Harm     .   o - +1 pair of gloves "Imoromaa" {rF+ Dex+6 SInv}
rMut     +                      F - +0 pair of boots of Insatiable Hunger {Dex+7}
MR       ++++.                  I - amulet of regeneration
Stlth    ..........             m - ring of protection from magic
HPRegen  0.86/turn              Z - +5 ring of slaying
MPRegen  0.21/turn

@: very slightly contaminated, repel missiles
A: low mp 2, mutation resistance 1, no stealth, inability to train armour, no
air magic, no charms magic, no necromancy magic, unskilled 1, inexperienced 1
0: Orb of Zot
}: 3/15 runes: barnacled, silver, gossamer
a: Draw Out Power, Power Leap, Apocalypse, Renounce Religion


You escaped.
You worshipped Ru.
Ru was exalted by your worship.
You were not hungry.

You visited 9 branches of the dungeon, and saw 49 of its levels.
You also visited: Bailey and Wizlab.

You collected 8555 gold pieces.
You spent 8347 gold pieces at shops.

Inventory:

Missiles
 j - 1621 arrows
 O - 6 throwing nets (quivered) {!f}
Armour
 o - the +1 pair of gloves "Imoromaa" (worn) {rF+ Dex+6 SInv}
   (You found it on level 5 of the Vaults)

   It affects your dexterity (+6).
   It protects you from fire.
   It lets you see invisible.
 q - the -2 hat of the Alchemist (worn) {rElec rPois rF+ rC+ rN+ MR+ rMut rCorr}
   (You bought it in a shop on level 2 of the Orcish Mines)

   It protects you from fire.
   It protects you from cold.
   It insulates you from electricity.
   It protects you from poison.
   It protects you from negative energy.
   It affects your resistance to hostile enchantments.
   It provides partial protection from all sources of acid and corrosion.
   It protects you from mutation.
 s - a scarf of repulsion (worn)
 C - the +2 cloak of the Thief {+Fog Slay-2 SInv Stlth+}
   (You found it on level 4 of the Depths)

   It affects your accuracy and damage with ranged weapons and melee attacks
   (-2).
   It lets you see invisible.
   It makes you more stealthy.
 F - the +0 pair of boots of Insatiable Hunger (worn) {Dex+7}
   (You bought it in a shop on level 2 of the Vaults)

   It affects your dexterity (+7).
 L - the +5 robe of Night (worn) {Dark MR+ SInv}
   (You found it on level 4 of the Depths)

   It affects your resistance to hostile enchantments.
   It lets you see invisible.
 Q - a +5 shield (worn)
Jewellery
 c - the ring of Aple Roj {EV+3 Str+3 Dex+4}
   (You took it off a vault guard on level 5 of the Vaults)

   [ring of evasion]

   It affects your evasion (+3).
   It affects your strength (+3).
   It affects your dexterity (+4).
 h - the amulet "Saen" {Gourm -Tele rElec Int+6 Dex+9}
   (You found it on level 1 of the Lair of Beasts)

   [amulet of the gourmand]

   It allows you to eat raw meat even when not hungry.
   It affects your intelligence (+6).
   It affects your dexterity (+9).
   It insulates you from electricity.
   It prevents most forms of teleportation.
 m - a ring of protection from magic (left hand)
 I - an amulet of regeneration (around neck)
 P - an uncursed ring of see invisible
 R - the ring of Xaejuwn {rPois rF+ rC+ rN+ Int-5}
   (You found it on level 4 of the Shoals)

   [ring of positive energy]

   It affects your intelligence (-5).
   It protects you from fire.
   It protects you from cold.
   It protects you from poison.
   It protects you from negative energy.
 S - an uncursed ring of wizardry
 W - the ring of Bezoero {rElec rF++ rN+}
   (You took it off a vault warden on level 5 of the Vaults)

   [ring of positive energy]

   It greatly protects you from fire.
   It insulates you from electricity.
   It protects you from negative energy.
 Z - a +5 ring of slaying (right hand)
Wands
 b - a wand of paralysis (32)
 e - a wand of clouds (4)
 p - a wand of iceblast (18)
 u - a wand of enslavement (18)
 y - a wand of digging (20)
 G - a wand of acid (29)
Scrolls
 d - a scroll of enchant armour
 i - 28 scrolls of remove curse {@r2}
 l - 10 scrolls of blinking
 t - 21 scrolls of teleportation
 E - 8 scrolls of fog
 U - 2 scrolls of magic mapping
 V - 2 scrolls of holy word
 X - 4 scrolls of fear
 Y - 3 scrolls of summoning
Potions
 a - 6 potions of haste
 g - 7 potions of mutation
 n - 9 potions of curing {@q1}
 r - 11 potions of heal wounds
 w - 5 potions of ambrosia
 x - 11 potions of brilliance
 z - 5 potions of agility
 A - 11 potions of lignification
 B - 5 potions of resistance
 D - 6 potions of invisibility
 J - 10 potions of magic
 K - 5 potions of berserk rage
 M - a potion of cancellation
 N - 3 potions of might
Miscellaneous
 k - a lightning rod (4/4)
 v - a phial of floods
 T - 3 boxes of beasts
Comestibles
 f - 58 rations


   Skills:
 + Level 21.7 Fighting
   Level 0.8 Staves
 - Level 15.0 Dodging
 - Level 15.0 Shields
 - Level 18.0 Unarmed Combat
 - Level 10.0 Spellcasting
 + Level 15.3 Summonings
 - Level 4.0 Translocations
 - Level 11.0 Transmutations
   Level 3.1 Ice Magic
 - Level 13.0 Earth Magic
   Level 0.8 Poison Magic
 + Level 13.6 Evocations


You had one spell level left.
You knew the following spells:

 Your Spells              Type           Power        Failure   Level  Hunger
a - Passwall              Tmut/Erth      ######..     1%          2    None
b - Lesser Beckoning      Tloc           ####......   3%          3    None
c - Aura of Abjuration    Summ           ######....   1%          5    ####...
d - Statue Form           Tmut/Erth      ######...    7%          6    ######.
e - Summon Forest         Summ/Tloc      ######....   3%          5    ####...
f - Blink                 Tloc           N/A          1%          2    None
g - Confusing Touch       Hex            ##....       6%          1    None
h - Lee's Rapid Deconstr  Erth           ######....   1%          5    ####...
i - Sticks to Snakes      Tmut           ######..     1%          2    None
j - Summon Butterflies    Summ           ######..     0%          1    None
k - Apportation           Tloc           ####..       1%          1    None
l - Passage of Golubria   Tloc           N/A          12%         4    ##.....
m - Shadow Creatures      Summ           N/A          1%          6    ######.

Your spell library contained the following spells:

 Spells                   Type           Power        Failure   Level  Hunger
 Summon Small Mammal      Summ           ####         0%          1    None
 Beastly Appendage        Tmut           ######       1%          1    None
 Freeze                   Ice            ###.         1%          1    None
 Sandblast                Erth           ######       1%          1    None
 Corona                   Hex            ##.....      6%          1    None
 Magic Dart               Conj           ##..         6%          1    None
 Call Imp                 Summ           ######..     1%          2    None
 Recall                   Summ/Tloc      N/A          1%          3    None
 Spider Form              Tmut/Pois      #####.....   1%          3    None
 Stone Arrow              Conj/Erth      #####.       1%          3    None
 Petrify                  Tmut/Erth      ######..     1%          4    ##.....
 Summon Ice Beast         Ice/Summ       ######..     1%          4    ##.....
 Blade Hands              Tmut           ######....   1%          5    ####...
 Summon Demon             Summ           ######....   1%          5    ####...
 Gell's Gravitas          Tloc           ####......   3%          3    None
 Ignite Poison            Fire/Tmut/Pois ####....     3%          3    None
 Teleport Other           Tloc           ####....     3%          3    None
 Ice Form                 Ice/Tmut       #####...     3%          4    ##.....
 Throw Frost              Conj/Ice       ###...       4%          2    None
 Summon Mana Viper        Hex/Summ       #####...     8%          5    ####...
 Searing Ray              Conj           ##....       9%          2    None
 Slow                     Hex            ##......     9%          2    None
 Throw Flame              Conj/Fire      ##....       9%          2    None
 Hydra Form               Tmut           ######....   10%         6    ######.
 Irradiate                Conj/Tmut      #####.....   17%         5    ####...
 Yara's Violent Unravell  Hex/Tmut       #####.....   17%         5    ####...
 Confuse                  Hex            ##......     19%         3    None
 Conjure Flame            Conj/Fire      ##......     19%         3    None
 Dazzling Spray           Conj/Hex       ##....       19%         3    None
 Force Lance              Conj/Tloc      ###.....     26%         4    ##.....
 Throw Icicle             Conj/Ice       ###.....     32%         4    ##.....
 Dragon Form              Tmut           ######....   50%         7    #######
 Fulminant Prism          Conj/Hex       ##........   52%         4    ##.....
 Iskenderun's Mystic Bla  Conj           ##......     52%         4    ##.....
 Metabolic Englaciation   Hex/Ice        ###.......   65%         5    ####...
 Ozocubu's Refrigeration  Ice            ###.......   95%         6    ######.
 Bolt of Cold             Conj/Ice       ###.......   99%         6    ######.
 Discord                  Hex            ##........   100%        8    #######
 Ignition                 Fire           ##........   100%        8    #######
 Shatter                  Erth           ######....   100%        9    #######
 Animate Skeleton         Necr           Unusable     N/A         1    N/A
 Shock                    Conj/Air       Unusable     N/A         1    N/A
 Summon Lightning Spire   Summ/Air       Unusable     N/A         4    N/A
 Shroud of Golubria       Chrm/Tloc      Unusable     N/A         2    N/A
 Poisonous Vapours        Pois/Air       Unusable     N/A         2    N/A
 Swiftness                Chrm/Air       Unusable     N/A         2    N/A
 Ozocubu's Armour         Chrm/Ice       Unusable     N/A         3    N/A
 Mephitic Cloud           Conj/Pois/Air  Unusable     N/A         3    N/A
 Static Discharge         Conj/Air       Unusable     N/A         3    N/A
 Airstrike                Air            Unusable     N/A         4    N/A
 Lightning Bolt           Conj/Air       Unusable     N/A         5    N/A
 Freezing Cloud           Conj/Ice/Air   Unusable     N/A         6    N/A
 Simulacrum               Ice/Necr       Unusable     N/A         6    N/A
 Ring of Flames           Chrm/Fire      Unusable     N/A         7    N/A
 Tornado                  Air            Unusable     N/A         9    N/A

Dungeon Overview and Level Annotations

Branches:
Dungeon (15/15)            Temple (0/1) D:7            Lair (6/6) D:10
 Shoals (4/4) Lair:2       Spider (4/4) Lair:2        Slime (0/5) Lair:5
    Orc (2/2) D:9             Elf (3/3) Orc:2        Vaults (5/5) D:13
  Crypt (0/3) Vaults:2     Depths (5/5) D:15            Zot (5/5) Depths:5

Altars:
Dithmenos
Elyvilon
Gozag
Hepliaklqana
Kikubaaqudgha
Makhleb
Nemelex Xobeh
Okawaru
Qazlal
Ru
Trog
Uskayaw
Vehumet
Wu Jian
Xom
Yredelemnul
The Shining One
Jiyva

Shops:
D:4 [:   D:6 (   D:15 (   Orc:2 *:(**   Elf:1 ?}}=   Elf:2 *   Shoals:2 *
Vaults:2 [*   Vaults:5 (   Depths:4 ?*}

Portals:
Hell: Depths:1 Depths:2 Depths:3 Depths:4 Depths:5
Abyss: Depths:4
Pandemonium: Depths:1 Depths:3
Ziggurat: Depths:1
Trove: Depths:3 (give +6 demon whip)

Annotations:
D:13 1 runed door
Lair:6 exclusion: door
Elf:2 2 runed doors
Depths:2 exclusion: orange crystal statue


Innate Abilities, Weirdness & Mutations

Your magical capacity is very low. (-20% MP)
You cannot be stealthy.
You cannot train Armour skill.
You cannot study or cast Air magic.
You cannot study or cast Charms magic.
You cannot study or cast Necromancy magic.
You are somewhat unskilled. (-1 Apt)
You are somewhat inexperienced. (-2 XL)
You are somewhat resistant to further mutation.


Message History

You pummel the Orb Guardian!!
The Orb Guardian is stunned by your will and fails to attack.
You squash the Orb Guardian like an ant!!!
The Orb Guardian hits you!! You block the Orb Guardian's attack.
You pummel the Orb Guardian!!
You kill the Orb Guardian!
Your transformation is almost over.
No target in view!
(D) Dungeon (T) Temple (L) Lair (A) Shoals (N) Spider Nest (M) Slime Pits (O) Orcish Mines (E) Elven Halls (V) Vaults (C) Crypt (U) Depths (H) Hell (Z) Zot
Where to? (Enter - D:1 @ (x,y), ? - help)
You revert to your normal fleshy form.
The +1 pair of gloves "Imoromaa" {rF+ Dex+6 SInv} unmelds from your body.
The +0 pair of boots of Insatiable Hunger {Dex+7} unmelds from your body.
The +5 robe of Night {Dark MR+ SInv} unmelds from your body.
The light fades from your surroundings.
There is a staircase leading out of the dungeon here.
You have escaped!

##...##.♣♣P.P♣......≈≈≈≈#
##')'#########♣.♣....≈≈≈#
#....# #P......≈≈≈#
#.#### #......≈≈≈≈# ..#
#P.....≈≈≈≈# ###
#.......≈≈≈# #♣♣.....≈≈≈#
♣♣...♣≈≈≈# ### ♣@P..♣≈≈≈#
..# ♣♣♣♣♣♣≈≈≈# ..# ♣♣♣≈#
.###### ≈# ......########
≈# .............# ♣#
.............#####
.................#
..#..............#


There were no monsters in sight!

Vanquished Creatures
  2 orbs of fire (Zot:5)
  9 ancient liches
  2 Killer Klowns (Zot:5)
  Margery (Depths:5)
  5 golden dragons
  3 curse toes
  Nikola (Elf:2)
  Arachne (Spider:2)
  2 Tzitzimimeh
  A Hell Sentinel (Depths:1)
  5 electric golems
  The ghost of Nib the Warrior, an adept FoFi of Gozag (Shoals:4)
  8 tentacled monstrosities
  3 liches
  24 Orb Guardians
  2 deep elf blademasters (Elf:3)
  Rupert (D:12)
  3 titans
  4 quicksilver dragons
  2 deep elf master archers (Elf:3)
  10 death cobs
  6 sphinxes
  An Executioner (Depths:5)
  Frances (D:14)
  Roxanne (D:14)
  An ancient champion (WizLab)
  The ghost of Pyrghexo the Peltast, an adept MiFi of the Shining One (Spider:3)
  6 storm dragons
  Donald (Elf:2)
  4 tengu reavers
  13 shadow dragons
  3 iron dragons
  3 ghost moths
  A pandemonium lord (D:1)
  11 frost giants
  14 fire giants
  9 emperor scorpions
  2 draconian knights
  4 deep elf sorcerers
  9 vault wardens
  A draconian scorcher (Depths:5)
  5 draconian stormcallers
  2 deep elf elementalists (Elf:3)
  2 draconian annihilators (Zot:5)
  18 very ugly things
  4 entropy weavers
  24 stone giants
  2 spriggan defenders
  2 war gargoyles (Depths:2)
  17 ironheart preservers
  2 deep elf demonologists
  5 vampire knights
  Nessos (D:13)
  4 deep elf annihilators (Elf:3)
  2 purple draconians
  2 lorocyprocas
  3 black draconians
  6 yellow draconians
  3 red draconians
  A dire elephant (Lair:6)
  Snorg (D:14)
  10 green draconians
  20 ettins
  An eidolon (Depths:2)
  The ghost of vogonpoet the Eclecticist, a journeyman SpWn of Ashenzari (Lair:4)
  7 spark wasps
  4 white draconians
  7 merfolk javelineers
  An ettin (shapeshifter) (Vaults:5)
  A green death (D:3)
  19 yaktaur captains
  10 fire dragons
  9 deep elf death magi
  25 vault guards
  12 merfolk impalers
  7 rakshasas
  7 ice dragons
  4 deep elf high priests
  3 jiangshi (Depths:5)
  7 great orbs of eyes
  The ghost of Itoim Qyrphi the Blocker, a journeyman FoFi of Gozag (D:13)
  3 spriggan air magi
  33 two-headed ogres
  A catoblepas (Lair:6)
  Erica (D:9)
  A death knight (Vaults:3)
  2 merfolk avatars (Shoals:4)
  6 hydras
  4 alligator snapping turtles
  12 centaur warriors
  12 ogre magi
  4 small abominations
  29 dancing weapons
  5 deep troll shamans
  5 merfolk aquamancers
  5 tengu warriors
  2 vampire magi
  13 deep troll earth magi
  7 spriggan berserkers
  3 orc high priests (Orc:2)
  Urug (D:13)
  2 iron trolls
  3 hell knights (Depths:5)
  2 soul eaters
  22 deep elf knights
  2 sun demons
  Nergalle (Lair:3)
  2 spectral minotaurs (Depths:2)
  12 skeletal warriors
  5 shadow wraiths
  2 fire crabs (shapeshifter)
  A sixfirhy (Zot:5)
  A spectral anaconda (Depths:2)
  A glowing orange brain (shapeshifter) (Vaults:4)
  An obsidian statue (Vaults:4)
  A death drake (Depths:2)
  An unseen horror (Depths:4)
  14 sea snakes
  2 orange crystal statues
  6 flayed ghosts
  21 deep trolls
  3 shadow demons (Depths:4)
  7 glowing orange brains
  14 deep elf archers
  A sphinx zombie (Vaults:2)
  15 harpies
  6 phantasmal warriors
  2 wizards (Vaults:3)
  19 orb spiders
  3 necromancers
  17 orc knights
  12 ironbrand convokers
  8 orc sorcerers
  3 oklob plants
  5 fauns
  A wolf spider (shapeshifter) (Vaults:3)
  34 ugly things
  3 mana vipers (Depths:2)
  33 wolf spiders
  11 manticores
  4 large abominations (Depths:4)
  A moth of wrath (shapeshifter) (Depths:4)
  Maurice (D:9)
  67 deep elf magi
  6 cyclopes
  14 moths of wrath
  A rust devil (Zot:5)
  A stone giant skeleton (Vaults:2)
  2 centaur zombies
  3 black mambas
  11 merfolk sirens
  5 elephants
  18 vault sentinels
  Joseph (Lair:1)
  10 spiny frogs
  A gargoyle (D:13)
  2 torpor snails
  A smoke demon (Zot:5)
  A centaur skeleton (D:10)
  5 spectral swamp worms (Depths:3)
  8 water nymphs
  An orange demon (Zot:5)
  4 freezing wraiths
  3 rime drakes
  2 anaconda simulacra (Depths:2)
  8 komodo dragons
  2 tengu conjurers
  53 yaktaurs
  8 demonic crawlers
  28 merfolk
  A spectral merfolk (Depths:2)
  A queen bee (D:13)
  5 trolls
  2 red devils
  An ice devil (D:10)
  35 jumping spiders
  A meliai (shapeshifter) (Vaults:5)
  3 meliai (D:15)
  A polar bear (Lair:6)
  A jumping spider (shapeshifter) (Vaults:2)
  A polar bear (shapeshifter) (Depths:4)
  4 wind drakes
  2 raiju
  A harpy skeleton (D:15)
  10 hornets
  3 blink frogs (Lair:6)
  Grinder (D:5)
  A hornet (shapeshifter) (Vaults:4)
  9 snapping turtles
  5 hippogriffs
  23 slime creatures
  4 dream sheep (Shoals:2)
  A dream sheep (shapeshifter) (Depths:3)
  3 spriggans
  48 tarantellas
  An ettin skeleton (Vaults:2)
  2 air elementals
  77 redbacks
  11 wraiths
  16 shadows
  36 water elementals
  9 vampires
  A tarantella (shapeshifter) (Vaults:1)
  A spriggan (shapeshifter) (D:9)
  A basilisk (shapeshifter) (Vaults:1)
  A yak (shapeshifter) (D:15)
  3 wyverns
  15 humans (D:13)
  2 basilisks (Lair:6)
  8 chaos spawn
  A wyvern (shapeshifter) (Depths:2)
  42 yaks
  3 fire elementals
  2 hungry ghosts
  A human simulacrum (Vaults:2)
  4 vampire mosquitoes (D:13)
  A yaktaur simulacrum (Vaults:1)
  10 wargs
  5 two-headed ogre zombies (WizLab)
  4 acid dragons
  7 hell hounds
  A water moccasin (shapeshifter) (Vaults:5)
  12 water moccasins
  13 porcupines
  A spectral spriggan (Depths:2)
  3 spectral trolls (Depths:2)
  A hydra simulacrum (Depths:2)
  A floating eye (Depths:2)
  32 orc warriors
  3 black bears
  6 ice beasts
  3 phantoms
  An eye of draining (shapeshifter) (Depths:3)
  2 sky beasts (D:8)
  2 eyes of draining
  38 ogres
  11 boggarts
  16 wolves
  26 centaurs
  7 crocodiles
  2 big kobolds
  19 bullfrogs
  5 earth elementals
  A wyvern zombie (D:7)
  A wyvern skeleton (D:8)
  9 scorpions
  3 spectral ogres (Depths:2)
  8 troll zombies (WizLab)
  3 spectral nagas (Depths:2)
  29 wights
  3 killer bees (D:4)
  3 spectral centaurs (Depths:2)
  7 electric eels
  12 howler monkeys
  14 crimson imps
  3 quasits
  Crazy Yiuf (D:5)
  5 bullfrog zombies
  14 orc priests
  4 hounds
  A gnoll shaman (D:6)
  A jelly (shapeshifter) (Depths:4)
  11 jellies
  15 orc wizards
  Ijyb (D:5)
  2 iguanas
  4 worker ants
  5 ogre zombies (WizLab)
  A hound skeleton (D:6)
  A howler monkey zombie (D:8)
  11 adders
  17 gnolls
  12 shadow imps
  2 white imps
  3 oozes
  3 adder zombies
  4 worms
  A dart slug (D:3)
  3 leopard geckos
  60 orcs
  5 giant cockroaches
  4 goblins
  17 hobgoblins
  11 jackals
  24 kobolds
  7 quokkas
  2 ball pythons (D:1)
  2 bats
  6 frilled lizards
  A giant cockroach zombie (D:6)
  A quokka skeleton (D:7)
  7 rats
  A bush (Lair:6)
  A butterfly (Lair:5)
  2 crawling corpses (Elf:3)
  A fungus (Lair:6)
  10 plants
2180 creatures vanquished.

Vanquished Creatures (collateral kills)
  An ancient lich (Zot:5)
  A curse toe (Zot:5)
  A green draconian (Zot:5)
  6 hydras
  A glowing orange brain (D:1)
  An oklob plant (Lair:6)
  An orc sorcerer (Orc:2)
  A moth of wrath (Zot:2)
  3 elephants
  A black mamba (Lair:6)
  2 spiny frogs (Lair:6)
  A demonic crawler (Lair:2)
  A komodo dragon (Lair:6)
  A polar bear (Lair:6)
  2 blink frogs (Lair:6)
  2 slime creatures (D:13)
  2 hippogriffs (Lair:6)
  A dream sheep (Lair:6)
  A basilisk (Lair:1)
  A neqoxec (D:1)
  3 water moccasins
  2 wolves
  A crocodile (Lair:1)
  2 scorpions (Lair:2)
  5 jellies (Lair:5)
  A hound (D:9)
  An orc wizard (Orc:1)
  An adder (D:12)
  3 gnolls (Bailey)
  A worm (Lair:2)
  4 orcs
  A giant cockroach (Lair:2)
56 creatures vanquished.

Vanquished Creatures (others)
  A tentacled monstrosity (Depths:3)
  2 Orb Guardians (Zot:5)
  A titan (Vaults:4)
  A tengu reaver (Vaults:4)
  2 deep elf sorcerers (Elf:3)
  A draconian stormcaller (Depths:5)
  A deep elf elementalist (Elf:3)
  A very ugly thing (Depths:3)
  An ironheart preserver (Vaults:3)
  An entropy weaver (Spider:3)
  A slime creature (Vaults:3)
  An ettin (Depths:3)
  A fire dragon (Vaults:1)
  A vault guard (Vaults:4)
  A dancing weapon (Elf:3)
  An ogre mage (Vaults:4)
  A deep troll shaman (Depths:5)
  A deep elf knight (Vaults:5)
  A hell knight (Depths:3)
  A skeletal warrior (WizLab)
  A wizard (Lair:6)
  A deep elf archer (Elf:3)
  An orc knight (Vaults:1)
  2 deep elf magi
  A wolf spider (Vaults:2)
  A cyclops (Vaults:1)
  2 yaktaurs (Vaults:1)
  A demonic crawler (Spider:4)
  A yaktaur (shapeshifter) (Vaults:5)
  A komodo dragon (Lair:6)
  A red devil (D:1)
  A troll (D:11)
  A wind drake (Shoals:4)
  4 jumping spiders
  A snapping turtle (Shoals:1)
  4 redbacks
  A water elemental (D:14)
  A tarantella (Spider:4)
  A human (D:13)
  A water moccasin (Lair:3)
  An orc warrior (Orc:1)
  3 boggarts
  3 ogres
  2 crocodiles
  A bullfrog (Lair:2)
  A scorpion (Spider:2)
  An orc priest (Orc:2)
  4 orcs
  A crawling corpse (Elf:3)
  27 fungi
  38 plants
  A snaplasher vine (Zot:2)
  2 withered plants (Lair:4)
135 creatures vanquished.

Grand Total: 2371 creatures vanquished

Notes
Turn   | Place    | Note
-------+----------+-------------------------------------------
     0 | D:1      | iamserjio the Human Wanderer began the quest for the Orb.
     0 | D:1      | iamserjio set off with: a potion of lignification, a +0
                  | robe, a +0 dagger, a ration
     0 | D:1      | Reached XP level 1. HP: 15/15 MP: 1/1
   257 | D:1      | Reached skill level 1 in Unarmed Combat
   257 | D:1      | Reached XP level 2. HP: 13/21 MP: 2/2
   468 | D:1      | Learned a level 1 spell: Freeze
  1055 | D:2      | Reached XP level 3. HP: 19/26 MP: 3/3
  1180 | D:2      | Found a burning altar of Makhleb.
  1738 | D:2      | Reached skill level 2 in Fighting
  1738 | D:2      | Reached skill level 1 in Spellcasting
  1738 | D:2      | Reached XP level 4. HP: 12/33 MP: 0/5
  2053 | D:2      | Found a radiant altar of Vehumet.
  2322 | D:2      | Learned a level 3 spell: Spider Form
  2693 | D:3      | Found a sacrificial altar of Ru.
  2709 | D:3      | Found a basalt altar of Yredelemnul.
  2882 | D:3      | Reached XP level 5. HP: 30/38 MP: 6/6
  3276 | D:3      | Became a worshipper of Ru the Awakened
  3336 | D:3      | Found a hide-covered altar of Uskayaw.
  3835 | D:4      | Reached skill level 1 in Poison Magic
  3867 | D:4      | Found Losmumix's Antique Armour Shoppe.
  3873 | D:4      | Bought a glowing robe for 59 gold pieces
  3938 | D:4      | Found a sparkling altar of Nemelex Xobeh.
  3996 | D:4      | Found Kiteog's Book Boutique.
  4194 | D:4      | Reached XP level 6. HP: 30/46 MP: 8/8
  4683 | D:4      | Found a shimmering altar of Xom.
  5007 | D:4      | Reached skill level 3 in Fighting
  5165 | D:5      | Entered Level 5 of the Dungeon
  5244 | D:5      | Reached XP level 7. HP: 43/52 MP: 10/10
  5313 | D:5      | Found a white marble altar of Elyvilon.
  5332 | D:5      | Noticed Ijyb
  5403 | D:5      | Reached skill level 5 in Unarmed Combat
  5528 | D:4      | Paralysed by a crimson imp for 4 turns
  5554 | D:4      | Gained mutation: You cannot study or cast Air magic. [Ru
                  | sacrifice]
  5554 | D:4      | Gained mutation: You cannot study or cast Necromancy magic.
                  | [Ru sacrifice]
  5554 | D:4      | Gained mutation: You cannot study or cast Charms magic. [Ru
                  | sacrifice]
  5554 | D:4      | Reached * piety under Ru
  6093 | D:5      | Found a runed door.
  6111 | D:5      | Noticed Grinder
  6126 | D:5      | Killed Grinder
  6126 | D:5      | Reached XP level 8. HP: 23/58 MP: 8/11
  6327 | D:5      | Learned a level 4 spell: Summon Ice Beast
  6789 | D:5      | Noticed Crazy Yiuf
  6796 | D:5      | Killed Crazy Yiuf
  6905 | D:5      | Killed Ijyb
  7290 | D:6      | Found Quic's Antique Weapon Boutique.
  7585 | D:6      | Found a shadowy altar of Dithmenos.
  7636 | D:6      | Reached XP level 9. HP: 49/63 MP: 14/14
  8279 | D:7      | Reached skill level 1 in Summonings
  8430 | D:7      | Found a hazy altar of Hepliaklqana.
  8686 | D:7      | Found a bloodstained altar of Trog.
  9133 | D:7      | Found a sparkling altar of Nemelex Xobeh.
  9159 | D:7      | Gained mutation: You are somewhat inexperienced. (-2 XL)
                  | [Ru sacrifice]
  9159 | D:7      | Reached XP level 8. HP: 56/58 MP: 14/14
  9159 | D:7      | Reached XP level 7. HP: 52/52 MP: 13/13
  9159 | D:7      | Reached ** piety under Ru
  9159 | D:7      | Reached *** piety under Ru
  9185 | D:7      | Noticed a water moccasin
  9196 | D:7      | Killed a water moccasin
  9429 | D:7      | Reached XP level 8. HP: 29/58 MP: 10/14
  9776 | D:7      | Reached skill level 10 in Unarmed Combat
  9800 | D:7      | Found a staircase to the Ecumenical Temple.
  9893 | D:7      | Noticed a spriggan baker
  9900 | D:7      | Killed a spriggan baker
  9940 | D:7      | Found an opulent altar of Gozag.
  9941 | D:7      | Found a sacrificial altar of Ru.
  9945 | D:7      | Found an ornate altar of the Wu Jian Council.
 10053 | D:8      | Noticed a two-headed ogre
 10087 | D:8      | Killed a two-headed ogre
 10087 | D:8      | Reached skill level 5 in Summonings
 10087 | D:8      | Reached XP level 9. HP: 36/63 MP: 12/15
 10300 | D:8      | Noticed a five-headed hydra
 10345 | D:8      | HP: 3/63 [five-headed hydra (4)]
 10905 | D:8      | Reached skill level 1 in Evocations
 11537 | D:8      | Found a stormy altar of Qazlal.
 11542 | D:8      | Reached XP level 10. HP: 67/70 MP: 16/16
 11922 | D:9      | Killed a five-headed hydra
 11922 | D:9      | Reached skill level 1 in Dodging
 11923 | D:9      | Noticed a two-headed ogre
 12608 | D:9      | Found a staircase to the Orcish Mines.
 12618 | D:9      | Noticed Erica
 12842 | D:9      | Killed Erica
 12842 | D:9      | Reached skill level 4 in Fighting
 13043 | D:9      | Reached skill level 5 in Dodging
 13374 | D:9      | Killed a two-headed ogre
 13374 | D:9      | Reached skill level 5 in Fighting
 13374 | D:9      | Reached XP level 11. HP: 79/79 MP: 3/17
 13378 | D:9      | Gained mutation: You are somewhat unskilled. (-1 Apt) [Ru
                  | sacrifice]
 13378 | D:9      | Reduced skill Fighting to level 4
 13378 | D:9      | Reduced skill Stealth to level 1
 13378 | D:9      | Reduced skill Unarmed Combat to level 10
 13378 | D:9      | Reduced skill Evocations to level 1
 13378 | D:9      | Reached **** piety under Ru
 13378 | D:9      | Reached ***** piety under Ru
 13767 | D:9      | Noticed Maurice
 13788 | D:9      | Killed Maurice
 13911 | D:9      | Reached skill level 5 in Fighting
 13964 | D:10     | Entered Level 10 of the Dungeon
 14695 | D:10     | Found a staircase to the Lair.
 16140 | D:11     | Gained mutation: Your magical capacity is low. (-10% MP)
                  | [Ru sacrifice]
 16181 | D:11     | Noticed a purple ugly thing
 16202 | D:11     | Killed a purple ugly thing
 16202 | D:11     | Reached XP level 12. HP: 67/87 MP: 12/17
 16633 | D:12     | Reached skill level 5 in Spellcasting
 16642 | D:12     | Reached skill level 6 in Fighting
 16762 | D:12     | Got a ripped robe
 16987 | D:12     | Noticed a two-headed ogre
 16999 | D:12     | Killed a two-headed ogre
 17006 | D:12     | Reached skill level 5 in Transmutations
 17059 | D:12     | Noticed Rupert
 17152 | D:11     | Identified the +3 robe of Robb {rF+ rC+} (You found it on
                  | level 12 of the Dungeon)
 17218 | Lair:1   | Entered Level 1 of the Lair of Beasts
 17364 | Lair:1   | Noticed a six-headed hydra
 17373 | Lair:1   | Killed a six-headed hydra
 17628 | Lair:1   | Got a scintillating tin amulet
 17948 | Lair:1   | Noticed Sonja
 17950 | Lair:1   | Noticed Sonja
 17950 | Lair:1   | Sonja changed into Sonja the black bear
 17955 | Lair:1   | Killed Sonja the black bear
 18340 | Lair:1   | Noticed Joseph
 18450 | Lair:1   | Killed Joseph
 19306 | Lair:1   | Identified the amulet "Saen" {Gourm -Tele rElec Int+6
                  | Dex+9} (You found it on level 1 of the Lair of Beasts)
 19392 | Lair:2   | Found a hole to the Spider Nest.
 20692 | Lair:2   | Found a staircase to the Shoals.
 21267 | Lair:3   | Found a white marble altar of Elyvilon.
 21881 | Lair:3   | Reached skill level 7 in Fighting
 21939 | Lair:3   | Reached XP level 13. HP: 71/96 MP: 19/19
 22001 | Lair:3   | Noticed Nergalle
 22022 | Lair:3   | Killed Nergalle
 23115 | Lair:3   | You fall through a shaft for 3 floors!
 23115 | Lair:6   | Entered Level 6 of the Lair of Beasts
 23126 | Lair:6   | Noticed a dire elephant
 23169 | Lair:6   | Noticed a seven-headed hydra
 23211 | Lair:6   | Killed a dire elephant
 23295 | Lair:6   | Killed a seven-headed hydra
 23621 | Lair:6   | Noticed a seven-headed hydra
 23762 | Lair:6   | Reached skill level 8 in Fighting
 24633 | Lair:6   | Noticed a six-headed hydra
 24643 | Lair:6   | Killed a six-headed hydra
 25174 | Lair:6   | Killed a seven-headed hydra
 25377 | Lair:6   | Noticed a four-headed hydra
 26512 | Lair:6   | Noticed a catoblepas
 26526 | Lair:6   | Killed a catoblepas
 27267 | Lair:5   | Found a staircase to the Slime Pits.
 27389 | Lair:5   | Noticed a five-headed hydra
 27400 | Lair:5   | Killed a five-headed hydra
 27797 | Lair:5   | Noticed a four-headed hydra
 27808 | Lair:5   | Killed a four-headed hydra
 27808 | Lair:5   | Reached XP level 14. HP: 88/106 MP: 8/23
 28304 | Lair:5   | Learned a level 6 spell: Statue Form
 28311 | Lair:5   | Learned a level 6 spell: Hydra Form
 28946 | Lair:4   | Reached skill level 1 in Earth Magic
 28951 | Lair:4   | Found a runed door.
 28954 | Lair:4   | Noticed vogonpoet's ghost (journeyman SpWn)
 29016 | Lair:4   | Reached skill level 9 in Fighting
 29330 | Lair:4   | Gained mutation: You cannot be stealthy. [Ru sacrifice]
 30079 | Lair:4   | Reached skill level 10 in Dodging
 30091 | Lair:4   | Got a bone spear
 30660 | Lair:4   | Killed vogonpoet's ghost
 31166 | Orc:1    | Entered Level 1 of the Orcish Mines
 31334 | Orc:1    | Found a flagged portal.
 31349 | Bailey   | Entered a bailey
 32455 | Orc:2    | Entered Level 2 of the Orcish Mines
 33038 | Orc:2    | Found Ypiugesm's Assorted Antiques.
 33084 | Orc:2    | Found Vaenud's General Store.
 33557 | Orc:2    | HP: 3/108 [orc priest/divine providence (10)]
 34168 | Orc:2    | Found Jufixt's Assorted Antiques.
 34170 | Orc:2    | Found Miqil's Book Boutique.
 34170 | Orc:2    | Found Doinuhirgh's Antique Weapon Shoppe.
 34259 | Orc:2    | Bought a scroll labeled MEKLOI RAUPEBLERO for 37 gold
                  | pieces
 34259 | Orc:2    | Bought a metallic yellow potion for 33 gold pieces
 34259 | Orc:2    | Bought a scroll labeled BYUFAGGYAPAM for 37 gold pieces
 34269 | Orc:2    | Bought a scroll of vulnerability for 112 gold pieces
 34269 | Orc:2    | Bought a potion of brilliance for 60 gold pieces
 34313 | Orc:2    | Found a staircase to the Elven Halls.
 34555 | D:12     | Killed Rupert
 34555 | D:12     | Reached skill level 5 in Earth Magic
 34760 | D:13     | Found a gate to the Vaults.
 34760 | D:13     | Noticed Nessos
 34760 | D:13     | Noticed Urug
 34914 | D:13     | Reached XP level 15. HP: 60/113 MP: 21/24
 35469 | D:13     | Killed Nessos
 35587 | D:13     | Killed Urug
 35629 | D:13     | Found a white marble altar of Elyvilon.
 35629 | D:13     | Found a runed door.
 35629 | D:13     | Noticed a daeva
 36835 | D:13     | Found a sacrificial altar of Ru.
 37149 | D:13     | Found a runed door.
 37151 | D:13     | Noticed Itoim Qyrphi's ghost (journeyman FoFi)
 37252 | D:13     | Killed Itoim Qyrphi's ghost
 37341 | D:14     | Noticed Roxanne
 37552 | D:14     | Noticed Frances
 37792 | D:14     | Killed Frances
 38076 | D:14     | Noticed Snorg
 38330 | D:13     | Learned a level 2 spell: Blink
 38332 | D:13     | Learned a level 1 spell: Confusing Touch
 38338 | D:13     | Learned a level 5 spell: Lee's Rapid Deconstruction
 38591 | D:13     | Upgraded the game from 0.23-a0-175-g97aacdb to
                  | 0.23-a0-180-ga5275e7
 39011 | D:14     | Found a viscous altar of Jiyva.
 39112 | D:14     | Killed Snorg
 39518 | D:14     | Reached skill level 10 in Earth Magic
 39876 | D:14     | Killed Roxanne
 39877 | D:14     | Identified Roxanne's Volume of Transmutation (You took it
                  | off Roxanne on level 14 of the Dungeon)
 39906 | D:14     | Learned a level 2 spell: Passwall
 39907 | D:15     | Entered Level 15 of the Dungeon
 39907 | D:15     | Found Cion's Antique Weapon Emporium.
 40278 | D:15     | Reached XP level 16. HP: 108/120 MP: 19/25
 40386 | D:15     | Found a staircase to the Depths.
 40792 | Orc:2    | Bought the -2 hat of the Alchemist {rElec rPois rF+ rC+ rN+
                  | MR+ rMut rCorr} for 1321 gold pieces
 40792 | Orc:2    | Found the -2 hat of the Alchemist {rElec rPois rF+ rC+ rN+
                  | MR+ rMut rCorr}
 40992 | D:4      | Bought a buckler for 72 gold pieces
 41001 | D:4      | Learned a level 2 spell: Sticks to Snakes
 41228 | Spider:1 | Entered Level 1 of the Spider Nest
 41241 | Spider:1 | Reached skill level 1 in Shields
 42218 | Spider:2 | Reached skill level 10 in Fighting
 43347 | Spider:2 | Gained mutation: You cannot train Armour skill. [Ru
                  | sacrifice]
 43347 | Spider:2 | Reached ****** piety under Ru
 43635 | Spider:2 | Reached skill level 11 in Fighting
 44781 | Spider:3 | Reached XP level 17. HP: 131/131 MP: 15/27
 44827 | Spider:3 | Identified a scroll of acquirement
 44863 | Spider:3 | Noticed Arachne
 44896 | Spider:2 | Killed Arachne
 45353 | Spider:3 | Reached skill level 12 in Fighting
 45740 | Spider:3 | Reached skill level 10 in Spellcasting
 45816 | Spider:3 | Noticed Pyrghexo's ghost (adept MiFi)
 45828 | Spider:3 | Found a runed gate.
 45828 | Spider:3 | Found a runed gate.
 45828 | Spider:3 | Found a runed gate.
 46198 | Elf:1    | Entered Level 1 of the Elven Halls
 46568 | Elf:1    | Learned a level 3 spell: Lesser Beckoning
 46634 | Elf:1    | Reached skill level 5 in Shields
 46754 | Elf:1    | Reached skill level 1 in Translocations
 47421 | Elf:1    | Found Jasug's Gadget Emporium.
 47422 | Elf:1    | Found Cir Deno's Jewellery Boutique.
 47423 | Elf:1    | Found Rosoxe's Gadget Emporium.
 47432 | Elf:1    | Bought a wand of acid (6) for 320 gold pieces
 47536 | Elf:1    | Found Nounesk's Magic Scroll Shoppe.
 47540 | Elf:1    | Bought a scroll of teleportation for 36 gold pieces
 47540 | Elf:1    | Bought a scroll of summoning for 114 gold pieces
 47540 | Elf:1    | Bought a scroll of silence for 90 gold pieces
 47612 | Elf:1    | Identified the Grimoire of Creative Battle Magic
 48276 | Elf:2    | Noticed Nikola
 48290 | Elf:2    | Killed Nikola
 48443 | Elf:2    | Found Surosch's General Store.
 48485 | Elf:2    | Noticed Donald
 48495 | Elf:2    | Killed Donald
 48495 | Elf:2    | Reached XP level 18. HP: 140/140 MP: 23/28
 48633 | Elf:2    | Found a large runed door.
 48633 | Elf:2    | Found a large runed door.
 48671 | Elf:2    | Found a large runed door.
 48671 | Elf:2    | Found a large runed door.
 49522 | Elf:2    | Reached skill level 10 in Shields
 49937 | Elf:3    | Entered Level 3 of the Elven Halls
 51238 | Elf:3    | Noticed a deep elf blademaster
 51253 | Elf:3    | Killed a deep elf blademaster
 51262 | Elf:3    | Noticed a deep elf master archer
 51282 | Elf:3    | Killed a deep elf master archer
 51708 | Elf:3    | Got an opal-encrusted ring mail
 51709 | Elf:3    | Noticed a deep elf master archer
 51724 | Elf:3    | Reached XP level 19. HP: 110/146 MP: 25/29
 51957 | Elf:3    | Noticed a deep elf blademaster
 52016 | Elf:3    | Killed a deep elf blademaster
 52320 | Elf:3    | Identified the +5 ring mail of Jafuskie {rCorr} (You took
                  | it off a deep elf blademaster on level 3 of the Elven
                  | Halls)
 52331 | Elf:3    | Got a heavily runed leather armour
 52337 | Elf:3    | Identified the +1 leather armour "Copecs" {-Cast rF++ Str-5
                  | Int+4} (You found it on level 3 of the Elven Halls)
 52394 | Elf:3    | Got a faintly humming robe
 52410 | Elf:3    | Identified the +1 robe "Petaim" {rF+ Str+2} (You took it
                  | off a deep elf death mage on level 3 of the Elven Halls)
 52412 | Elf:3    | Got a translucent lapis lazuli ring
 52414 | Elf:3    | Identified the ring of the Orange Skies {Fire +Blink rPois
                  | MR+ MP+9 Str-5} (You took it off a deep elf mage on level 3
                  | of the Elven Halls)
 52590 | Elf:1    | Bought a scroll of identify for 24 gold pieces
 52590 | Elf:1    | Bought a scroll of acquirement for 624 gold pieces
 52597 | Elf:1    | Got a twitching wooden ring
 52599 | Elf:1    | Identified the ring "Xinwoxocw" {rPois rF- rC++ Str+2
                  | Int+3} (You acquired it on level 1 of the Elven Halls)
 52880 | Spider:4 | Entered Level 4 of the Spider Nest
 54512 | Spider:4 | Got a gossamer rune of Zot
 54702 | Spider:3 | Killed Pyrghexo's ghost
 54771 | Spider:3 | Got a bloodstained cloak
 54816 | Spider:3 | Identified the +0 cloak of the Voivode {rN+ SInv} (You
                  | found it on level 3 of the Spider Nest)
 54898 | Shoals:1 | Entered Level 1 of the Shoals
 55457 | Shoals:1 | Reached XP level 20. HP: 153/153 MP: 30/30
 56163 | Shoals:2 | Found Diadask's Desiderata Depot.
 57548 | Shoals:3 | Reached skill level 15 in Unarmed Combat
 58532 | Shoals:4 | Entered Level 4 of the Shoals
 58606 | Shoals:4 | Got a coiled steel ring
 59005 | Shoals:4 | Got a barnacled rune of Zot
 59107 | Shoals:4 | Found a runed door.
 59119 | Shoals:4 | Noticed Nib's ghost (adept FoFi)
 59155 | Shoals:4 | Killed Nib's ghost
 59528 | Shoals:4 | Reached skill level 15 in Shields
 59765 | Shoals:4 | Identified the ring of Xaejuwn {rPois rF+ rC+ rN+ Int-5}
                  | (You found it on level 4 of the Shoals)
 59792 | Shoals:4 | Got a slimy lead ring
 59798 | Shoals:4 | Identified the ring of Ettot {rF+++ rC+ rN+++ Str-5 Dex-2}
                  | (You found it on level 4 of the Shoals)
 60038 | Shoals:4 | Identified Sif Muna's Papyrus of the Escort and Flight
 60080 | Shoals:4 | Learned a level 5 spell: Summon Forest
 60082 | Shoals:4 | Learned a level 1 spell: Summon Butterflies
 60557 | Depths:1 | Entered Level 1 of the Depths
 60687 | Depths:1 | Reached XP level 21. HP: 159/159 MP: 31/31
 60719 | Depths:1 | Found a gateway to Hell.
 61569 | Depths:1 | Found a gateway to a ziggurat.
 61807 | Depths:1 | Found a one-way gate leading to the halls of Pandemonium.
 62543 | Depths:3 | Found a portal to a secret trove of treasure.
 63438 | Depths:3 | Reached skill level 13 in Fighting
 63785 | Depths:3 | Reached skill level 14 in Fighting
 64145 | Depths:2 | Noticed a Tzitzimitl
 64150 | Depths:2 | Killed a Tzitzimitl
 64160 | Depths:2 | Reached XP level 22. HP: 172/172 MP: 28/32
 64326 | Depths:2 | Reached skill level 15 in Fighting
 64901 | Depths:2 | Paralysed by a floating eye for 2 turns
 64922 | Depths:2 | Learned a level 1 spell: Apportation
 64929 | Depths:2 | Learned a level 4 spell: Passage of Golubria
 64942 | Depths:2 | Identified the Almanac of the Mind
 66356 | Depths:4 | Reached skill level 16 in Fighting
 66408 | Depths:4 | Found Cazxoegi's Magic Scroll Emporium.
 66417 | Depths:4 | Bought a scroll of blinking for 112 gold pieces
 66423 | Depths:4 | Bought a scroll of identify for 30 gold pieces
 66423 | Depths:4 | Bought a scroll of enchant armour for 112 gold pieces
 66423 | Depths:4 | Bought a scroll of identify for 30 gold pieces
 66735 | Shoals:2 | Bought a manual of Dodging for 1987 gold pieces
 66735 | Shoals:2 | Reached XP level 23. HP: 185/185 MP: 33/33
 67308 | Depths:4 | Found Ranuats's Gadget Boutique.
 67308 | Depths:4 | Found Tarad's Assorted Antiques.
 67584 | Depths:4 | Found a shadowy altar of Dithmenos.
 67585 | Depths:4 | Found the +5 robe of Night {Dark MR+ SInv}
 67585 | Depths:4 | Found the +2 cloak of the Thief {+Fog Slay-2 SInv Stlth+}
 67586 | Depths:4 | Found the +3 giant club "Skullcrusher" {speed, Str+7}
 67898 | Depths:4 | Noticed a golden dragon
 67908 | Depths:4 | Killed a golden dragon
 68077 | Depths:4 | Found a one-way gate to the infinite horrors of the Abyss.
 68084 | Depths:4 | Reached XP level 24. HP: 193/193 MP: 28/33
 68422 | Depths:5 | Entered Level 5 of the Depths
 68432 | Depths:5 | Reached skill level 17 in Fighting
 68963 | Depths:5 | Found a gate to the Realm of Zot.
 68971 | Depths:5 | Noticed a golden dragon
 68986 | Depths:5 | Killed a golden dragon
 69414 | Depths:5 | Noticed Margery
 69434 | Depths:5 | Killed Margery
 69696 | Depths:5 | Found an iron altar of Okawaru.
 70360 | Depths:5 | Found a glowing golden altar of the Shining One.
 70425 | Depths:5 | Learned a level 6 spell: Shadow Creatures
 70586 | Vaults:1 | Entered Level 1 of the Vaults
 70813 | Vaults:1 | Reached XP level 25. HP: 203/203 MP: 33/33
 71140 | Vaults:1 | Reached skill level 18 in Fighting
 71407 | Vaults:1 | Reached skill level 15 in Dodging
 72001 | Vaults:2 | Got a smoking ring mail
 72038 | Vaults:2 | Found Yvvaruj's Antique Armour Emporium.
 72043 | Vaults:2 | Bought a pair of distressingly furry boots for 361 gold
                  | pieces
 72043 | Vaults:2 | Bought an embroidered scarf for 304 gold pieces
 72043 | Vaults:2 | Identified the cursed +0 pair of boots of Insatiable Hunger
                  | {Dex+7} (You bought it in a shop on level 2 of the Vaults)
 72044 | Vaults:2 | Identified the +9 ring mail of Nerats {Str+3} (You found it
                  | on level 2 of the Vaults)
 72124 | Vaults:2 | Found Roudoyn's General Store.
 72216 | Vaults:2 | Found a magical portal.
 72221 | WizLab   | Entered Zonguldrok's Shrine
 72448 | WizLab   | Noticed an antique lich
 72450 | WizLab   | Found the +9 sword of Zonguldrok {reap}
 72458 | WizLab   | Killed an antique lich
 72458 | WizLab   | Reached skill level 10 in Summonings
 73194 | Vaults:2 | Found a staircase to the Crypt.
 73194 | Vaults:2 | Found a basalt altar of Yredelemnul.
 73195 | Vaults:2 | Found an ancient bone altar of Kikubaaqudgha.
 74138 | Vaults:3 | Reached skill level 5 in Evocations
 76322 | Vaults:5 | Entered Level 5 of the Vaults
 76989 | Elf:1    | Bought an uncursed amulet of regeneration for 480 gold
                  | pieces
 77036 | Orc:2    | Bought 2 potions of invisibility for 448 gold pieces
 77036 | Orc:2    | Bought a scroll of fog for 56 gold pieces
 77036 | Orc:2    | Bought a potion of curing for 84 gold pieces
 77167 | D:4      | Bought a pair of embroidered boots for 120 gold pieces
 78033 | Vaults:5 | Reached skill level 10 in Transmutations
 78131 | Vaults:4 | Reached skill level 19 in Fighting
 78728 | Vaults:5 | Found Sioqazos's Antique Weapon Shoppe.
 78951 | Vaults:5 | Got a silver rune of Zot
 78991 | Vaults:5 | Got a pair of warped gloves
 79021 | Vaults:5 | Got a bound lapis lazuli ring
 79064 | Vaults:5 | Identified the ring "Relan" {rF+ rN+ Str+5} (You took it
                  | off a vault sentinel on level 5 of the Vaults)
 79075 | Vaults:5 | Identified the +1 pair of gloves "Imoromaa" {rF+ Dex+6
                  | SInv} (You found it on level 5 of the Vaults)
 79567 | Vaults:5 | Identified the amulet "Wennuusk" {Faith Int+5} (You took it
                  | off an ironbrand convoker on level 5 of the Vaults)
 79629 | Vaults:5 | Got an encrusted triple crossbow
 79629 | Vaults:5 | Got a flickering jade ring
 79636 | Vaults:5 | Identified the ring of Bezoero {rElec rF++ rN+} (You took
                  | it off a vault warden on level 5 of the Vaults)
 79642 | Vaults:5 | Got a scorched brass ring
 79643 | Vaults:5 | Identified the ring of Aple Roj {EV+3 Str+3 Dex+4} (You
                  | took it off a vault guard on level 5 of the Vaults)
 79726 | Vaults:5 | Got a jewelled short sword
 80242 | Depths:4 | Bought a box of beasts for 280 gold pieces
 80242 | Depths:4 | Bought a box of beasts for 280 gold pieces
 80242 | Depths:4 | Bought a wand of acid (9) for 364 gold pieces
 80248 | Depths:4 | Bought a potion of resistance for 360 gold pieces
 80299 | Zot:1    | Entered Level 1 of the Realm of Zot
 80354 | Depths:3 | Learned a level 5 spell: Aura of Abjuration
 80494 | Zot:2    | Noticed a curse toe
 80507 | Zot:2    | Killed a curse toe
 80507 | Zot:2    | Reached skill level 10 in Evocations
 80701 | Zot:3    | Noticed a curse toe
 80714 | Zot:3    | Killed a curse toe
 81102 | Zot:5    | Entered Level 5 of the Realm of Zot
 81142 | Zot:5    | Noticed a curse toe
 81151 | Zot:5    | Killed a curse toe
 81151 | Zot:5    | Reached skill level 20 in Fighting
 81213 | Zot:5    | Noticed an ancient lich
 81222 | Zot:5    | Killed an ancient lich
 81348 | Zot:5    | Noticed an ancient lich
 81361 | Zot:5    | Killed an ancient lich
 81377 | Zot:5    | Noticed an ancient lich
 81387 | Zot:5    | Killed an ancient lich
 81634 | Zot:5    | Noticed an ancient lich
 81643 | Zot:5    | Killed an ancient lich
 81707 | Zot:5    | Noticed an ancient lich
 81707 | Zot:5    | Noticed an ancient lich
 81709 | Zot:5    | Noticed an ancient lich
 81709 | Zot:5    | Noticed a Killer Klown
 81711 | Zot:5    | Noticed a curse toe
 81713 | Zot:5    | Reached skill level 21 in Fighting
 81713 | Zot:5    | Killed an ancient lich
 81714 | Zot:5    | Killed an ancient lich
 81719 | Zot:5    | Killed a curse toe
 81725 | Zot:5    | Killed an ancient lich
 81728 | Zot:5    | Killed a Killer Klown
 81748 | Zot:5    | Noticed an ancient lich
 81754 | Zot:5    | Killed an ancient lich
 82189 | Zot:5    | Noticed a Killer Klown
 82197 | Zot:5    | Killed a Killer Klown
 82322 | Zot:5    | Noticed an orb of fire
 82335 | Zot:5    | Gained mutation: You are somewhat resistant to further
                  | mutation. [an orb of fire]
 82337 | Zot:5    | Killed an orb of fire
 82605 | Zot:5    | Noticed an ancient lich
 82615 | Zot:5    | Killed an ancient lich
 82896 | Zot:5    | Noticed an orb of fire
 82898 | Zot:5    | Gained mutation: Your magical capacity is very low. (-20%
                  | MP) [an orb of fire]
 82903 | Zot:5    | Killed an orb of fire
 82999 | Zot:5    | Got the Orb of Zot
 83166 | Zot:2    | Reached skill level 15 in Summonings
 83200 | Zot:1    | Noticed Pedghyre the pandemonium lord
 83606 | D:1      | Noticed Suwk the pandemonium lord
 83620 | D:1      | Killed Suwk the pandemonium lord
 83661 | D:$      | Escaped with the Orb!

Vault maps used:
D:1:      kennysheep_arrival_seaside, minmay_misc_feat_diagonals
D:2:      lemuel_doored_altar, old_standard_altar, minivault_19
D:3:      old_standard_altar, overflow_temple_1_default, first_ration,
          nicolae_ru_awakened_eye
D:4:      led_xom_imps, nemelex_xobeh_ov_fountains_minmay, serial_shops, shop,
          shop_fountains
D:5:      elyvilon_altar_4, uniq_grinder, uniq_crazy_yiuf_cottage, uniq_ijyb
D:6:      serial_shops, shop, nicolae_dithmenos_through_a_glass_darkly
D:7:      nicolae_overflow_hidden_temple, minitemple,
          minmay_temple_entry_poolview, the_bakery, nemelex_spade_bored_becter
D:8:      kennysheep_mini
D:9:      orc_0_dummy, uniq_maurice, uniq_erica
D:10:     lair_entry_dummy
D:11:     minmay_misc_feat_five
D:12:     uniq_rupert
D:13:     david_vaults_3, basic_altar, gammafunk_ghost_grave, lemuel_angel_altar
D:14:     hex_medium, jiyva_altar_1, uniq_frances, uniq_nessos, uniq_roxanne,
          uniq_snorg
D:15:     grunt_enter_depths_snipers, minmay_crystal_water, serial_shops, shop
Lair:1:   patterned_corridor, uniq_joseph, uniq_sonja
Lair:2:   elwin_shoals_entry_rooms, nicolae_spider_entry_non_spiders
Lair:3:   basic_altar, uniq_nergalle
Lair:4:   gammafunk_ghost_grave, minmay_lair_oklob_chamber
Lair:5:   minmay_slime_entry_jelly_boxes, lemuel_fruit_fields,
          infiniplex_staircase_pool
Lair:6:   evil_forest, kilobyte_rumbling_trees
Shoals:2: nicolae_alphabet_shops
Shoals:3: cheibrodos_shoals_baths
Shoals:4: shoals_end_simple, ebering_ghost_reflecting_pool
Spider:2: spiders_nest_scorpion_pit
Spider:3: gammafunk_ghost_split, nicolae_spider_circle_web, uniq_arachne
Spider:4: grunt_spider_rune_circles
Orc:1:    enter_bailey_2
Orc:2:    st_orc_elflike, serial_shops, shop_coins
Elf:1:    serial_shops, shop, minmay_elf_sorcery, minmay_shop_grove
Elf:2:    serial_shops, nicolae_shop_waterfront, basic_stair_grate_trap,
          uniq_nikola, uniq_donald
Elf:3:    elf_hall_gauntlet_narrow
Vaults:1: v_misc_28, nicolae_vaults_c_with_doors, ontoclasm_vaults_ring_small,
          vaults_room_grunt_arrival_ludios, ontoclasm_vaults_decontamination,
          hangedman_vaults_river_flow, v_alt_pattern_1, v_misc_24,
          vaults_standard_mumra_x, nicolae_vaults_network_barrier,
          vaults_room_semicircle, hangedman_vaults_maws
Vaults:2: nicolae_vaults_octagons, ontoclasm_vaults_gateway,
          ontoclasm_vaults_ring_small, vaults_room_mumra_shop_pool,
          dpeg_vaults_monster_box, v_alt_pattern_6, nicolae_vaults_angled_halls,
          minmay_crypt_entry_necro_gods, mu_enter_wizlab_1, serial_shops, shop
Vaults:3: vaults_mumra_minichess, ontoclasm_vaults_tryst, vaults_room_boxed,
          hangedman_vaults_restitches, nicolae_vaults_quartermaster, v_rooms_6,
          v_pattern_1, ontoclasm_vaults_loading_screen, vaults_room_pool,
          grunt_vaults_diagonal, grunt_vaults_twisty
Vaults:4: nicolae_vaults_triangles, hangedman_vaults_trim,
          ontoclasm_vaults_chip, nicolae_vaults_statue_guard
Vaults:5: serial_shops, uniq_margery
Depths:1: enter_ziggurat_a, hangedman_geh_valley, minmay_misc_feat_more_columns,
          rand_demon_pan_entry_5, minmay_protected_statue, serial_bayou_shore_a
Depths:2: lemuel_river_lethe, hell_entry
Depths:3: minmay_expanding_circles, pf_hell_entry_tar_river, serial_glass,
          glass_columns_a, glass_columns_c, glass_columns_c, glass_columns_c,
          glass_columns_c, glass_columns_c, grunt_pan_entry_zigzag,
          nicolae_trove_entry_free_sample, minmay_misc_feat_plants,
          hangedman_abyss_or_decor_slice, grunt_megastairs_3
Depths:4: regret_index_dithmenos_brocken_genspenst, minmay_room_of_horrors,
          hangedman_coc_ice_floe, serial_shops, shop, spider_trap,
          kennysheep_cross_room, minmay_staircase_statues, minmay_shoptagon
Depths:5: evilmike_zot_entry_argh, grunt_metal_band, okawaru_ov_weapons_minmay,
          tso_altar, serial_bayou_shore_b
Zot:1:    st_stairs_13
Zot:2:    kennysheep_ambush_hall
Zot:3:    nicolae_zot_draconian_monastery
Zot:5:    nicolae_zot_crop_circle
Bailey:   bailey_axe_2, bailey
WizLab:   wizlab_zonguldrok

Skill      XL: |  1  2  3  4  5  6  7  8  9 10 11 12 13 14 15 16 17 18 19 20 21 22 23 24 25 |
---------------+----------------------------------------------------------------------------+-----
Unarmed Combat | 1 2 3 4 7 11 9 11 12 13 14 16 17 18 | 18.0
Fighting       | 2 3 5 5 7 8 9 11 12 14 16 17 21 | 21.7
Spellcasting   | 1 2 3 4 4 6 8 9 10 | 10.0
Poison Magic   | 1 0 |  0.8
Transmutations | 4 4 6 7 9 11 | 11.0
Summonings     | 3 5 6 7 6 15 | 15.3
Evocations     | 2 1 2 13 | 13.6
Dodging        | 5 6 7 9 10 11 14 15 | 15.0
Ice Magic      | 3 |  3.1
Staves         | 0 |  0.8
Stealth        | 1 0 |  0.0
Shields        | 0 4 8 11 13 15 | 15.0
Earth Magic    | 5 10 11 12 13 | 13.0
Translocations | 1 2 4 |  4.0

Action                   |  1- 3 |  4- 6 |  7- 9 | 10-12 | 13-15 | 16-18 | 19-21 | 22-24 | 25-27 || total
-------------------------+-------+-------+-------+-------+-------+-------+-------+-------+-------++-------
Melee: Dagger            |    89 |   180 |   198 |       |       |       |       |       |       ||   467
       Unarmed           |    22 |    11 |   272 |   740 |  1516 |   964 |  1454 |   749 |  1856 ||  7584
       Punch             |       |     1 |     5 |    21 |    58 |     4 |       |       |       ||    89
       Staff             |       |       |       |    40 |       |       |       |       |       ||    40
 Cast: Freeze            |     1 |       |       |       |       |       |       |       |       ||     1
       Spider Form       |       |     1 |    32 |    42 |    65 |       |       |       |       ||   140
       Summon Ice Beast  |       |       |       |    35 |    83 |       |       |       |       ||   118
       Statue Form       |       |       |       |       |     8 |    71 |    91 |    39 |   110 ||   319
       Lee's Rapid Decon |       |       |       |       |       |    10 |    17 |       |       ||    27
       Lesser Beckoning  |       |       |       |       |       |     2 |     6 |     1 |    10 ||    19
       Passage of Golubr |       |       |       |       |       |       |       |     3 |       ||     3
       Summon Forest     |       |       |       |       |       |       |       |       |     7 ||     7
       Blink             |       |       |       |       |       |       |       |       |     3 ||     3
       Shadow Creatures  |       |       |       |       |       |       |       |       |     2 ||     2
       Aura of Abjuratio |       |       |       |       |       |       |       |       |     2 ||     2
Invok: Sacrifice Arcana  |       |       |     1 |       |       |       |       |       |       ||     1
       Sacrifice Experie |       |       |     1 |       |       |       |       |       |       ||     1
       Draw Out Power    |       |       |       |     6 |     7 |     6 |     7 |     2 |     2 ||    30
       Sacrifice Essence |       |       |       |     1 |       |       |       |       |       ||     1
       Sacrifice Skill   |       |       |       |     1 |       |       |       |       |       ||     1
       Reject Sacrifices |       |       |       |     1 |     1 |       |       |       |       ||     2
       Power Leap        |       |       |       |       |     2 |       |       |       |       ||     2
       Apocalypse        |       |       |       |       |     1 |       |     4 |     7 |     5 ||    17
       Sacrifice Stealth |       |       |       |       |     1 |       |       |       |       ||     1
       Sacrifice Durabil |       |       |       |       |       |     1 |       |       |       ||     1
 Abil: End Transformatio |       |       |       |       |       |     1 |       |       |       ||     1
Evoke: Wand              |       |       |       |    11 |    45 |    32 |    10 |     4 |     3 ||   105
  Use: Potion            |     4 |       |     1 |     3 |     7 |     7 |     2 |     3 |     7 ||    34
       Scroll            |       |       |     7 |     6 |    14 |    13 |     9 |     3 |    24 ||    76
 Stab: Sleeping          |     2 |     3 |     6 |     5 |     1 |       |       |       |       ||    17
       Distracted        |       |       |       |     4 |    18 |     4 |     8 |     5 |    12 ||    51
       Paralysed         |       |       |       |     4 |    11 |    13 |    12 |    14 |     4 ||    58
       Invisible         |       |       |       |     2 |    17 |    14 |    22 |    11 |    20 ||    86
       Petrified         |       |       |       |       |     2 |       |       |       |       ||     2
       Petrifying        |       |       |       |       |     1 |       |       |       |       ||     1
  Eat: Chunk             |     3 |     8 |    32 |    45 |    75 |    51 |    63 |    33 |    49 ||   359
       Ration            |       |     1 |     1 |       |       |     4 |     5 |     2 |    11 ||    24
Armor: Robe              |    14 |    46 |    57 |    56 |    99 |    27 |    12 |    14 |     6 ||   331
       Skin              |     4 |     2 |     9 |     7 |    42 |   465 |   531 |   280 |   511 ||  1851
Dodge: Dodged            |    53 |    98 |   290 |   536 |  1425 |  1190 |  1131 |   653 |  1409 ||  6785
       Deflected         |       |       |       |       |       |       |       |       |    24 ||    24
Block: Buckler           |       |       |       |       |       |   303 |    18 |       |       ||   321
       Shield            |       |       |       |       |       |       |  1085 |   556 |  1491 ||  3132

Table legend:
 A = Non-vault XP
 B = Vault XP
 C = Vault XP percentage of total XP
 D = Non-vault monster count
 E = Vault monster count
 F = Vault count percentage of total count
                 A         B        C        D         E       F
            +---------+---------+-------+---------+---------+-------
      Total |  662333 |  676007 |  50.5 |    1445 |     802 |  35.7
            +---------+---------+-------+---------+---------+-------
        D:1 |      27 |       0 |   0.0 |      17 |       0 |   0.0
        D:2 |      69 |       0 |   0.0 |      18 |       0 |   0.0
        D:3 |     112 |       0 |   0.0 |      27 |       0 |   0.0
        D:4 |     276 |     150 |  35.2 |       8 |       3 |  27.3
        D:5 |     677 |     346 |  33.8 |      18 |       3 |  14.3
        D:6 |     552 |       0 |   0.0 |      22 |       0 |   0.0
        D:7 |    1443 |     131 |   8.3 |      22 |       1 |   4.3
        D:8 |    2647 |       0 |   0.0 |      32 |       0 |   0.0
        D:9 |    4560 |    1459 |  24.2 |      27 |       2 |   6.9
       D:10 |    2891 |       0 |   0.0 |      20 |       0 |   0.0
       D:11 |    2922 |       0 |   0.0 |      34 |       0 |   0.0
       D:12 |    3248 |    1997 |  38.1 |      31 |       1 |   3.1
       D:13 |   13016 |    7863 |  37.7 |      71 |      21 |  22.8
       D:14 |    5876 |    5824 |  49.8 |      27 |       7 |  20.6
       D:15 |    4218 |    2323 |  35.5 |      21 |       3 |  12.5
     Lair:1 |    1956 |     445 |  18.5 |      14 |       2 |  12.5
     Lair:2 |    3080 |     439 |  12.5 |      18 |       8 |  30.8
     Lair:3 |    4287 |     736 |  14.7 |      18 |       1 |   5.3
     Lair:4 |    3018 |    2602 |  46.3 |      18 |       4 |  18.2
     Lair:5 |    6793 |     465 |   6.4 |      17 |      14 |  45.2
     Lair:6 |    8502 |    6118 |  41.8 |      36 |      22 |  37.9
   Shoals:1 |   11533 |       0 |   0.0 |      23 |       0 |   0.0
   Shoals:2 |   14611 |       0 |   0.0 |      35 |       0 |   0.0
   Shoals:3 |   19358 |    2498 |  11.4 |      38 |       6 |  13.6
   Shoals:4 |    8661 |   24898 |  74.2 |      24 |      38 |  61.3
   Spider:1 |   15245 |       0 |   0.0 |      51 |       0 |   0.0
   Spider:2 |   17825 |   11445 |  39.1 |      61 |      18 |  22.8
   Spider:3 |   11454 |    8109 |  41.5 |      29 |       8 |  21.6
   Spider:4 |   16248 |   19906 |  55.1 |      50 |      38 |  43.2
      Orc:1 |    2284 |       0 |   0.0 |      13 |       0 |   0.0
      Orc:2 |    1612 |    8052 |  83.3 |      22 |      25 |  53.2
      Elf:1 |   18987 |    7267 |  27.7 |      34 |      11 |  24.4
      Elf:2 |   13467 |   28320 |  67.8 |      22 |      33 |  60.0
      Elf:3 |   16591 |   28809 |  63.5 |      30 |      23 |  43.4
   Vaults:1 |   33345 |   23850 |  41.7 |      65 |      37 |  36.3
   Vaults:2 |   18538 |   12808 |  40.9 |      34 |      25 |  42.4
   Vaults:3 |   33971 |   27577 |  44.8 |      57 |      47 |  45.2
   Vaults:4 |   22197 |   63279 |  74.0 |      27 |      59 |  68.6
   Vaults:5 |   30349 |   71373 |  70.2 |      34 |      48 |  58.5
   Depths:1 |   24532 |    2070 |   7.8 |      38 |       9 |  19.1
   Depths:2 |    2639 |   50021 |  95.0 |       3 |     106 |  97.2
   Depths:3 |   23946 |   40275 |  62.7 |      26 |      40 |  60.6
   Depths:4 |   40482 |   22934 |  36.2 |      46 |      42 |  47.7
   Depths:5 |   60146 |   25775 |  30.0 |      66 |      19 |  22.4
      Zot:1 |    5173 |       0 |   0.0 |       4 |       0 |   0.0
      Zot:2 |   28147 |       0 |   0.0 |      16 |       0 |   0.0
      Zot:3 |   30829 |       0 |   0.0 |      18 |       0 |   0.0
      Zot:4 |    2319 |       0 |   0.0 |       1 |       0 |   0.0
      Zot:5 |   55376 |  159835 |  74.3 |      31 |      39 |  55.7
     Bailey |       0 |     799 | 100.0 |       0 |      34 | 100.0
     WizLab |   12298 |    5209 |  29.8 |      31 |       5 |  13.9
            +---------+---------+-------+---------+---------+-------
